 Dungeon Crawl Stone Soup version 0.19.5 (webtiles) character file.

23303 greprep the Unseen (level 12, 0/62 HPs)
             Began as a Spriggan Enchanter on May 8, 2017.
             Was an Initiate of Ashenzari.
             Killed from afar by an electric eel (12 damage)
             ... with a bolt of electricity
             ... on level 1 of the Lair of Beasts.
             The game lasted 01:20:58 (22118 turns).

greprep the Unseen (Spriggan Enchanter)            Turns: 22118, Time: 01:20:59

Health: 0/62       AC:  7    Str:  4    XL:     12   Next: 70%
Magic:  12/26      EV: 21    Int: 18    God:    Ashenzari [......]
Gold:   812        SH:  7    Dex: 20    Spells: 6 memorised, 13 levels left

rFire  . . .     SeeInvis +     H - +4 dagger (venom) (curse)
rCold  . . .     Gourm    .     d - +2 robe {Archmagi} (curse)
rNeg   . . .     Faith    .     k - +0 buckler (curse)
rPois  +         Spirit   .     (helmet restricted)
rElec  .         Reflect  .     f - +2 cloak {rPois}
rCorr  .         Harm     .     (gloves unavailable)
MR     ++...                    (boots unavailable)
Stlth  ++++++++..               (no amulet)
                                N - ring of stealth
                                t - ring of wizardry

@: very quick
A: unfitting armour, see invisible, herbivore 3, speed 3, slow metabolism 2
a: Curse Item, Renounce Religion


You were on level 1 of the Lair of Beasts.
You worshipped Ashenzari.
Ashenzari was noncommittal.
You were not hungry.

You visited 4 branches of the dungeon, and saw 15 of its levels.

You collected 1660 gold pieces.
You spent 848 gold pieces at shops.

Inventory:

Hand Weapons
 x - a +3 dagger
 D - a +3 dagger
 H - a cursed +4 dagger of venom (weapon)
Armour
 d - a cursed +2 robe of the Archmagi (worn)
 f - a +2 cloak of poison resistance (worn)
 k - a cursed +0 buckler (worn)
 M - a +2 robe of resistance
 Q - a +2 robe of magic resistance
Jewellery
 t - a ring of wizardry (left hand)
 v - an uncursed ring of fire
 N - a ring of stealth (right hand)
Wands
 e - a wand of polymorph (5/24)
 n - a wand of flame (17/48)
 G - a wand of polymorph (13/24)
 I - a wand of enslavement (19/24)
 P - a wand of flame (21/48)
Scrolls
 a - a scroll of fear
 g - 2 scrolls of summoning {unknown}
 h - 3 scrolls of fog
 j - 2 scrolls of magic mapping
 l - 2 scrolls of blinking {unknown}
 m - a scroll of immolation {unknown}
 o - 3 scrolls of teleportation
 u - 2 scrolls of random uselessness {unknown}
 B - 2 scrolls of recharging
 C - a scroll of silence {unknown}
 R - a scroll of torment {unknown}
 S - 2 scrolls of identify
 U - a scroll of noise {unknown}
Potions
 b - 2 potions of might
 i - a potion of ambrosia
 q - 2 potions of curing
 r - 5 potions of agility
 s - a potion of invisibility
 A - 2 potions of haste
 F - a potion of flight {unknown}
 L - a potion of cancellation {unknown}
 T - a potion of heal wounds
Books
 c - a book of Maledictions

   Spells                             Type                      Level
   a - Corona                         Hexes                        1
   b - Ensorcelled Hibernation        Hexes/Ice                    2
   c - Confuse                        Hexes                        3
   d - Tukima's Dance                 Hexes                        3
   e - Dazzling Spray                 Conjuration/Hexes            3
 p - a book of Enchantments

   Spells                             Type                      Level
   a - Cause Fear                     Hexes                        4
   b - Yara's Violent Unravelling     Hexes/Transmutation          5
   c - Silence                        Hexes/Air                    5
   d - Deflect Missiles               Charms/Air                   6
   e - Discord                        Hexes                        8
 w - a book of Battle

   Spells                             Type                      Level
   a - Infusion                       Charms                       1
   b - Shroud of Golubria             Charms/Translocation         2
   c - Song of Slaying                Charms                       2
   d - Spectral Weapon                Hexes/Charms                 3
   e - Regeneration                   Charms/Necromancy            3
 y - a book of Misfortune

   Spells                             Type                      Level
   a - Confusing Touch                Hexes                        1
   b - Confuse                        Hexes                        3
   c - Gell's Gravitas                Hexes/Translocation          3
   d - Petrify                        Transmutation/Earth          4
   e - Metabolic Englaciation         Hexes/Ice                    5
   f - Yara's Violent Unravelling     Hexes/Transmutation          5
 E - a book of Beasts

   Spells                             Type                      Level
   a - Summon Butterflies             Summoning                    1
   b - Call Canine Familiar           Summoning                    3
   c - Summon Ice Beast               Ice/Summoning                4
   d - Summon Mana Viper              Hexes/Summoning              5
   e - Summon Hydra                   Summoning                    7
 J - a book of Power

   Spells                             Type                      Level
   a - Fulminant Prism                Conjuration/Hexes            4
   b - Iskenderun's Mystic Blast      Conjuration                  4
   c - Venom Bolt                     Conjuration/Poison           5
   d - Bolt of Magma                  Conjuration/Fire/Earth       5
   e - Iron Shot                      Conjuration/Earth            6
   f - Orb of Destruction             Conjuration                  7
   g - Spellforged Servitor           Conjuration/Summoning        7
 K - a book of Transfigurations

   Spells                             Type                      Level
   a - Irradiate                      Conjuration/Transmutation    5
   b - Statue Form                    Transmutation/Earth          6
   c - Hydra Form                     Transmutation                6
   d - Dragon Form                    Transmutation                7
Comestibles
 z - 4 bread rations
 O - 27 fruits


   Skills:
 * Level 6.6 Fighting
 * Level 8.7 Short Blades
 * Level 5.8 Armour
 + Level 5.7 Dodging
 * Level 17.6 Stealth
 * Level 1.8 Shields
 + Level 9.0 Spellcasting
 + Level 0.1 Conjurations
 + Level 8.5 Hexes
 + Level 4.4 Ice Magic


You had 13 spell levels left.
You knew the following spells:

 Your Spells              Type           Power        Failure   Level  Hunger
a - Corona                Hex            ######.      1%          1    None
b - Ensorcelled Hibernat  Hex/Ice        #####.       1%          2    None
c - Confuse               Hex            ######..     1%          3    None
d - Regeneration          Chrm/Necr      ##........   17%         3    None
e - Tukima's Dance        Hex            ######..     1%          3    None
f - Fulminant Prism       Conj/Hex       #####.....   9%          4    ###....


Dungeon Overview and Level Annotations

Branches:
Dungeon (11/15)            Temple (1/1) D:7            Lair (1/6) D:10
    Orc (2/2) D:11            Elf (0/3) Orc:2

Altars:
Ashenzari
Cheibriados
Dithmenos
Elyvilon
Fedhas
Gozag
Hepliaklqana
Kikubaaqudgha
Makhleb
Nemelex Xobeh
Okawaru
Qazlal
Ru
Sif Muna
Trog
Uskayaw
Vehumet
Xom
Yredelemnul
Zin
The Shining One

Shops:
D:4 (   D:7 *   D:10 (   D:11 *   Orc:2 (([**

Portals:
Volcano: Lair:1


Innate Abilities, Weirdness & Mutations

You are very small and have problems with some larger weapons.
You are too small for most types of armour.
You have supernaturally acute eyesight. (SInv)
You are a herbivore.
You cover ground extremely quickly.
You need consume almost no food.


Message History

The bolt of electricity hits the electric eel.
The electric eel completely resists.
The bolt of electricity hits you!
The electric eel shoots out a bolt of lightning at you!
The bolt of electricity hits you! The bolt of electricity misses you.
Things that are here:
a water moccasin corpse x2
Casting: Ensorcelled Hibernation
Confirm with . or Enter, or press ? or * to list all spells.
Aiming: Ensorcelled Hibernation
Press: ? - help, Shift-Dir - straight line, f - electric eel
Aim: an electric eel (chance to defeat MR: 78%)
You feel a surge of power!
The electric eel looks drowsy...
The electric eel shoots out a bolt of lightning at you!
The bolt of electricity hits the electric eel.
The electric eel completely resists.
The bolt of electricity misses you.
The electric eel shoots out a bolt of lightning at you!
The bolt of electricity hits you!
* * * LOW HITPOINT WARNING * * *
The bolt of electricity hits you!
You die...

#.# ****#.≈##÷#.#### #.#
**,,,#.≈#..÷.SS.# #.#
#***,,,##≈≈#÷####..## #.#
#.,,,**#≈≈≈≈≈# #...### #.#
##.≈***#≈≈≈### ##..≈≈#
#.###SS;≈≈###≈≈≈≈#####S.≈≈#*
#.#S..S≈≈##≈≈≈;≈≈≈≈≈≈#S≈≈≈≈#*
###.##....S;≈≈##;#####≈≈≈≈≈≈#≈#*
....##.S.!S#####@†## *###.≈≈≈#≈#
#.#####...** #.†..# *≈,..≈≈≈≈#
### *....,* #..### ***≈≈≈≈≈≈#
*.#),,* #### *≈≈?!≈.## **#****
**######


You could see 2 electric eels.

Vanquished Creatures
  A stone giant (Orc:2)
  3 orc high priests
  Sonja (Orc:2)
  A deep elf knight (Orc:1)
  Pikel (D:7)
  A hill giant (D:10)
  4 orc knights
  5 orc sorcerers
  A manticore (D:10)
  A black mamba (Lair:1)
  Psyche (D:9)
  The ghost of PeterLawrence the Basher, a novice MiFi (D:5)
  A gargoyle (D:9)
  A spiny frog (Lair:1)
  A komodo dragon (Lair:1)
  A troll (Orc:1)
  A hornet (D:9)
  A two-headed ogre (D:11)
  Grinder (D:6)
  3 hippogriffs
  A wyvern (D:8)
  Sigmund (D:3)
  Eustachio (D:6)
  10 yaks
  A hungry ghost (D:11)
  A mottled dragon (D:11)
  17 water moccasins
  15 orc warriors
  A sky beast (D:8)
  2 black bears (D:8)
  A phantom (D:7)
  A necrophage (D:9)
  11 ogres
  5 centaurs
  4 crocodiles
  2 big kobolds
  10 bullfrogs
  5 scorpions
  3 killer bees (D:10)
  2 wights
  A vampire bat (D:5)
  4 howler monkeys
  6 crimson imps
  2 centaur zombies
  3 hounds
  3 jellies
  17 orc priests
  A bullfrog skeleton (D:9)
  Ijyb (D:3)
  25 orc wizards
  5 iguanas
  5 worker ants
  A killer bee zombie (D:6)
  A hound zombie (D:11)
  3 hound skeletons
  A howler monkey zombie (D:6)
  A worker ant zombie (D:5)
  Robin (D:3)
  12 gnolls
  18 adders
  2 shadow imps
  5 worms
  3 dart slugs
  3 fire bats (D:5)
  5 leopard geckos
  64 orcs
  2 spectral bats (D:5)
  19 bats
  3 bat skeletons (D:5)
  A bat zombie (D:5)
  7 giant cockroaches
  12 goblins
  16 hobgoblins
  14 jackals
  5 quokkas
  4 ball pythons
  A bat simulacrum (D:5)
  5 frilled lizards
  14 kobolds
  A leopard gecko zombie (D:5)
  4 rats
426 creatures vanquished.

Vanquished Creatures (others)
  2 adders (Lair:1)
  7 fulminant prisms (Orc:2)
9 creatures vanquished.

Grand Total: 435 creatures vanquished

Notes
Turn   | Place    | Note
-------+----------+-------------------------------------------
     0 | D:1      | greprep the Spriggan Enchanter began the quest for the Orb.
     0 | D:1      | Reached XP level 1. HP: 9/9 MP: 5/5
   299 | D:1      | Reached XP level 2. HP: 7/13 MP: 6/6
   303 | D:1      | Learned a level 2 spell: Ensorcelled Hibernation
  1576 | D:2      | Reached skill level 5 in Stealth
  1644 | D:2      | Reached XP level 3. HP: 11/16 MP: 5/8
  2391 | D:2      | Reached XP level 4. HP: 20/21 MP: 5/10
  2988 | D:3      | Reached skill level 1 in Fighting
  3160 | D:3      | Noticed a big kobold
  3160 | D:3      | Reached skill level 6 in Stealth
  3319 | D:3      | Noticed Robin
  3724 | D:3      | Noticed Sigmund
  3726 | D:3      | Killed Sigmund
  3726 | D:3      | Reached skill level 1 in Armour
  3726 | D:3      | Reached XP level 5. HP: 25/25 MP: 7/11
  3819 | D:3      | Learned a level 3 spell: Confuse
  3889 | D:3      | Reached XP level 6. HP: 28/30 MP: 12/12
  3898 | D:3      | Noticed Ijyb
  3901 | D:3      | Killed Ijyb
  3901 | D:3      | Reached skill level 1 in Ice Magic
  4149 | D:3      | Reached skill level 7 in Stealth
  4910 | D:3      | Killed Robin
  5458 | D:4      | Reached XP level 7. HP: 35/35 MP: 14/14
  5750 | D:4      | Found a shimmering altar of Xom.
  5756 | D:4      | Found an iron altar of Okawaru.
  5788 | D:4      | Reached skill level 8 in Stealth
  6003 | D:4      | Found Yxaiw's Antique Weapon Boutique.
  6110 | D:5      | Entered Level 5 of the Dungeon
  6265 | D:5      | Noticed PeterLawrence's ghost (novice MiFi)
  7166 | D:4      | Reached skill level 5 in Hexes
  7440 | D:4      | Reached XP level 8. HP: 35/39 MP: 4/15
  7634 | D:5      | Killed PeterLawrence's ghost
  7634 | D:5      | Reached skill level 9 in Stealth
  7634 | D:5      | Reached skill level 5 in Spellcasting
  8724 | D:6      | Noticed Eustachio
  8728 | D:6      | Killed Eustachio
  8728 | D:6      | Reached skill level 10 in Stealth
  8741 | D:6      | Reached XP level 9. HP: 44/44 MP: 13/18
  9043 | D:6      | Noticed Grinder
  9046 | D:6      | Killed Grinder
  9178 | D:6      | Reached skill level 11 in Stealth
 10021 | D:7      | Found a sacrificial altar of Ru.
 10035 | D:7      | Found a snail-covered altar of Cheibriados.
 10067 | D:7      | Noticed Pikel
 10087 | D:7      | Killed Pikel
 10087 | D:7      | Reached skill level 5 in Short Blades
 10087 | D:7      | Reached skill level 5 in Dodging
 10163 | D:7      | Found a staircase to the Ecumenical Temple.
 10406 | D:7      | Found Birecvof's Assorted Antiques.
 10426 | D:7      | Bought a scroll of identify for 52 gold pieces
 10426 | D:7      | Bought a scroll labeled FOL VUXZOSEN for 26 gold pieces
 10581 | D:8      | Reached skill level 12 in Stealth
 10771 | D:8      | Reached XP level 10. HP: 51/51 MP: 5/20
 11525 | D:8      | Found a stormy altar of Qazlal.
 11995 | D:9      | Reached skill level 13 in Stealth
 12324 | D:9      | Noticed Psyche
 12333 | D:9      | Killed Psyche
 12666 | D:9      | Reached skill level 14 in Stealth
 12841 | D:9      | Reached skill level 5 in Fighting
 13188 | D:10     | Entered Level 10 of the Dungeon
 13192 | D:10     | Noticed a hill giant
 13342 | D:10     | Found a staircase to the Lair.
 13563 | D:10     | Found Fewk's Antique Weapon Emporium.
 13686 | D:10     | Killed a hill giant
 13686 | D:10     | Reached XP level 11. HP: 29/55 MP: 15/23
 14799 | D:11     | Found Raneygea's Assorted Antiques.
 15228 | D:11     | Found a staircase to the Orcish Mines.
 15769 | D:11     | Reached skill level 15 in Stealth
 16554 | Orc:1    | Entered Level 1 of the Orcish Mines
 16861 | Orc:2    | Entered Level 2 of the Orcish Mines
 16869 | Orc:2    | Found Lius's Armour Boutique.
 16926 | Orc:2    | Found a staircase to the Elven Halls.
 17104 | Orc:2    | Noticed Sonja
 17111 | Orc:2    | Killed Sonja
 17130 | Orc:2    | Found Fabbotse's General Store.
 17131 | Orc:2    | Noticed an orc knight
 17147 | Orc:2    | Noticed an orc knight
 17147 | Orc:2    | Noticed an orc knight
 17158 | Orc:2    | Killed an orc knight
 17163 | Orc:2    | Killed an orc knight
 17163 | Orc:2    | Reached skill level 5 in Armour
 17168 | Orc:2    | Noticed an orc sorcerer
 17335 | Orc:2    | Noticed an orc sorcerer
 17337 | Orc:2    | Killed an orc sorcerer
 17357 | Orc:2    | Noticed an orc high priest
 17375 | Orc:2    | Noticed a sixfirhy
 17708 | Orc:1    | Learned a level 3 spell: Regeneration
 17712 | Orc:1    | Learned a level 3 spell: Tukima's Dance
 17717 | Orc:1    | Learned a level 4 spell: Fulminant Prism
 17742 | Orc:2    | Noticed an orc high priest
 17745 | Orc:2    | Noticed an orc knight
 18047 | Orc:2    | Noticed a sixfirhy
 18374 | Orc:2    | Noticed an orc sorcerer
 18387 | Orc:1    | Killed an orc knight
 18387 | Orc:1    | Reached skill level 16 in Stealth
 18429 | Orc:1    | Killed an orc high priest
 18544 | Orc:1    | Killed an orc high priest
 18544 | Orc:1    | Reached XP level 12. HP: 61/61 MP: 17/25
 18704 | Orc:2    | Noticed a stone giant
 19630 | Orc:2    | Noticed an orc high priest
 19633 | Orc:2    | Found Tiahaont's Weapon Boutique.
 19638 | Orc:2    | Found Otisuiplas's Antique Weapon Shoppe.
 19681 | Orc:2    | Killed an orc high priest
 20045 | Orc:1    | Reached skill level 1 in Shields
 20180 | Orc:2    | Killed a stone giant
 20318 | Orc:2    | Found Beomek's General Store.
 20326 | Orc:2    | Bought a potion of curing for 42 gold pieces
 20326 | Orc:2    | Bought a scroll of enchant armour for 105 gold pieces
 20326 | Orc:2    | Bought an uncursed ring of stealth for 245 gold pieces
 20326 | Orc:2    | Bought a scroll of recharging for 133 gold pieces
 20326 | Orc:2    | Bought a scroll of enchant weapon for 105 gold pieces
 20328 | Orc:2    | Bought a scroll of identify for 28 gold pieces
 20328 | Orc:2    | Bought a scroll of remove curse for 42 gold pieces
 20328 | Orc:2    | Bought a potion of heal wounds for 70 gold pieces
 20392 | Orc:2    | Reached skill level 17 in Stealth
 20882 | Temple   | Entered the Ecumenical Temple
 20904 | Temple   | Became a worshipper of Ashenzari the Shackled
 21386 | Lair:1   | Entered Level 1 of the Lair of Beasts
 21426 | Lair:1   | Found a dark tunnel.
 22118 | Lair:1   | Killed from afar by an electric eel

Skill      XL: |  1  2  3  4  5  6  7  8  9 10 11 12 |
---------------+-------------------------------------+-----
Spellcasting   | 3 4 5 6 7 8 9 |  9.0
Stealth        | 5 6 7 8 10 12 14 16 17 | 17.6
Hexes          | 4 5 6 7 8 |  8.5
Fighting       | 1 2 3 4 5 6 |  6.6
Short Blades   | 2 3 4 5 6 7 8 |  8.7
Armour         | 1 2 3 4 5 |  5.8
Ice Magic      | 1 2 3 4 |  4.4
Dodging        | 4 5 |  5.7
Shields        | 1 |  1.8
Conjurations   | |  0.1

Action                   |  1- 3 |  4- 6 |  7- 9 | 10-12 || total
-------------------------+-------+-------+-------+-------++-------
Melee: Dagger            |    90 |   188 |   298 |   416 ||   992
       Spear             |     6 |       |       |       ||     6
       Unarmed           |       |     4 |       |       ||     4
 Cast: Corona            |     4 |     2 |       |       ||     6
       Ensorcelled Hiber |    33 |    64 |   129 |   294 ||   520
       Confuse           |       |     2 |    31 |    40 ||    73
       Fulminant Prism   |       |       |       |     7 ||     7
Invok: Curse Item        |       |       |       |     3 ||     3
  Use: Scroll            |       |     6 |     4 |    12 ||    22
       Potion            |       |       |     3 |     3 ||     6
 Stab: Sleeping          |    26 |    39 |    76 |   180 ||   321
       Confused          |       |     1 |    21 |    19 ||    41
       Distracted        |       |     1 |     6 |    11 ||    18
  Eat: Bread ration      |       |     1 |     1 |     2 ||     4
       Fruit             |       |       |     5 |       ||     5
Armor: Robe              |    17 |    31 |    50 |    30 ||   128
       Skin              |       |    14 |       |       ||    14
Dodge: Dodged            |    77 |   146 |   306 |   292 ||   821
Block: Buckler           |       |       |       |    23 ||    23
